 Dungeon Crawl Stone Soup version 0.32-a0-938-g40ac7a0 (webtiles) character file.

Game seed: 17939847004148253102

80794 diche the Shatterer (level 15, -11/163 HPs)
             Began as an Oni Gladiator on Apr 19, 2024.
             Was the Champion of Cheibriados.
             Mangled by a jiangshi (19 damage)
             ... summoned by a vampire mage
             ... on level 15 of the Dungeon.
             The game lasted 00:33:10 (20091 turns).

diche the Shatterer (Oni Gladiator)                Turns: 20091, Time: 00:33:10

Health: -11/163    AC:  3    Str: 43    XL:     15   Next: 68%
Magic:  21/21      EV: 17    Int: 24    God:    Cheibriados [******]
Gold:   2925       SH:  0    Dex: 25    Spells: 14/14 levels left

rFire   . . .        f - +5 giant spiked club (drain)
rCold   . . .        (shield currently unavailable)
rNeg    . . .        K - +0 troll leather armour
rPois   +            c - +0 hat
rElec   .            C - +2 cloak {Will+}
rCorr   .            (gloves unavailable)
SInv    .            (boots unavailable)
Will    ++...        L - amulet of Zese {+Blink Regen+ Stlth+}
Stlth   +++          Q - +4 ring of slaying
HPRegen 2.07/turn    w - ring of Incredulity {*Corrode rPois EV+5 Slay+2}
MPRegen 0.17/turn

%: corrode self (3%)
@: corroded, very slow
A: large, unfitting armour, horns 1, tough skin 1, double potion healing,
drunken brawling
a: Renounce Religion, Evoke Blink, Bend Time, Temporal Distortion, Slouch, Step
From Time


You were on level 15 of the Dungeon.
You worshipped Cheibriados.
Cheibriados was exalted by your worship.
You visited 3 branches of the dungeon, and saw 21 of its levels.
You also visited: Sewer and Bailey.

You collected 2925 gold pieces.

Inventory:

Hand Weapons
 f - a +5 giant spiked club of draining (weapon)
Missiles
 d - a throwing net
 i - 65 poisoned darts
 q - 5 darts of dispersal
 G - 3 large rocks (quivered)
Armour
 c - a +0 hat (worn)
 C - a +2 cloak of willpower (worn)
 I - +0 acid dragon scales
 K - a +0 troll leather armour (worn)
Jewellery
 u - a +5 ring of evasion
 w - the ring of Incredulity (right hand) {*Corrode rPois EV+5 Slay+2}
   (You found it on level 4 of the Dungeon)

   [ring of evasion]

   EV+5:      It affects your evasion (+5).
   Slay+2:    It affects your accuracy & damage with ranged weapons and melee
   (+2).
   rPois:     It protects you from poison.
   *Corrode:  It may corrode you when you take damage.
 L - the amulet of Zese (around neck) {+Blink Regen+ Stlth+}
   (You took it off a kobold in a bailey)

   [amulet of regeneration]

   +Blink:    It lets you blink.
   Regen+:    It increases your rate of health regeneration.
   Stlth+:    It makes you more stealthy.
 N - a ring of protection from fire
 Q - a +4 ring of slaying (left hand)
 W - a ring of protection from cold
Wands
 e - a wand of charming (16)
 F - a wand of light (7)
 H - a wand of roots (16)
 J - a wand of flame (43)
 T - a wand of digging (6)
 V - a wand of mindburst (2)
Scrolls
 a - a scroll of torment
 l - 3 scrolls of immolation
 m - 4 scrolls of vulnerability
 o - 2 scrolls of noise
 r - 3 scrolls of identify
 s - 3 scrolls of revelation
 t - 12 scrolls of teleportation
 y - 5 scrolls of amnesia
 z - 2 scrolls of fear
 A - 2 scrolls of butterflies
 D - 8 scrolls of poison
 E - 2 scrolls of blinking
 P - 3 scrolls of fog
Potions
 g - 3 potions of resistance
 h - a potion of brilliance {unknown}
 j - 2 potions of berserk rage
 k - 2 potions of mutation
 n - a potion of attraction {unknown}
 p - 10 potions of curing
 x - a potion of magic
 B - 11 potions of enlightenment
 O - 2 potions of ambrosia {unknown}
 R - 3 potions of might {unknown}
 S - a potion of haste {unknown}
 U - a potion of heal wounds
 Y - a potion of invisibility {unknown}
Miscellaneous
 b - a tin of tremorstones (2/2)
 X - a phial of floods


   Skills:
 - Level 14.0 Fighting
 + Level 21.9 Maces & Flails
 - Level 9.0 Throwing
 - Level 5.0 Dodging
 - Level 9.0 Invocations


You had 14 spell levels left.
You didn't know any spells.
Your spell library contained the following spells:

 Spells                   Type           Power      Damage    Failure   Level
 Apportation              Tloc           0%         N/A       16%         1
 Cigotuvi's Dreadful Rot  Necr/Alch/Air  0%         N/A       24%         2
 Ensorcelled Hibernation  Hex/Ice        0%         N/A       24%         2
 Mercury Vapours          Alch/Air       0%         N/A       24%         2
 Sublimation of Blood     Necr           0%         N/A       24%         2
 Fugue of the Fallen      Necr           0%         N/A       43%         3
 Maxwell's Portable Pile  Tloc           0%         2d(5-13)  43%         3
 Passwall                 Erth           0%         N/A       43%         3
 Volatile Blastmotes      Fire/Tloc      0%         2d10      43%         3
 Anguish                  Hex/Necr       0%         N/A       83%         4
 Animate Dead             Necr           0%         N/A       83%         4
 Ignite Poison            Fire/Alch      0%         N/A       83%         4
 Leda's Liquefaction      Alch/Erth      0%         N/A       83%         4
 Petrify                  Alch/Erth      0%         N/A       83%         4
 Vhi's Electric Charge    Tloc/Air       0%         N/A       83%         4
 Arcjolt                  Conj/Air       0%         1d10      99%         5
 Freezing Cloud           Conj/Ice/Air   0%         6-21      99%         5
 Irradiate                Conj/Alch      0%         3d11      99%         5
 Iskenderun's Battlesphe  Conj           0%         2d6       99%         5
 Metabolic Englaciation   Hex/Ice        0%         N/A       99%         5
 Bombard                  Conj/Erth      0%         9d1       100%        6
 Haunt                    Necr/Summ      0%         N/A       100%        7
 Spellforged Servitor     Conj/Summ      0%         N/A       100%        7
 Borgnjor's Revivificati  Necr           0%         N/A       100%        8
 Infestation              Necr           0%         N/A       100%        8
 Maxwell's Capacitive Co  Air            0%         ∞         100%        8
 Death's Door             Necr           0%         N/A       100%        9


Dungeon Overview and Level Annotations

Branches:
Dungeon (15/15)            Temple (1/1) D:6            Lair (5/5) D:10
 Shoals (0/4) Lair:2        Snake (0/4) Lair:3        Slime (0/5) Lair:5
    Orc (0/2) D:9          Vaults (0/5) D:14          Sewer (visited)
 Bailey (visited)
 Depths: D:15

Altars:
Ashenzari
Cheibriados
Dithmenos
Elyvilon
Fedhas
Gozag
Hepliaklqana
Kikubaaqudgha
Makhleb
Nemelex Xobeh
Okawaru
Qazlal
Ru
Sif Muna
Trog
Uskayaw
Vehumet
Wu Jian
Xom
Yredelemnul
Zin
The Shining One

Shops:
D:12 (

Annotations:
D:12 exclusion: 2 obsidian statues
D:15 32 runed translucent doors
Lair:4 exclusion: 3 oklob plants


Innate Abilities, Weirdness & Mutations

You are too large for most types of armour.
You have a pair of small horns on your head.
You have tough skin. (AC +1)
You gain doubled healing and magic from potions.
Whenever you drink a healing potion, you attack all around you.


Message History

You hear two shouts! 3의 체력을 얻었습니다. 현재 체력은 [78/163] 입니다.
Throw: 6 large rocks
Press: ? - help, Q - select action, (/) - cycle Shift-Dir - straight line, f/p - spriggan berserker zombie
Aim: a spriggan berserker zombie (almost destroyed, 69% to hit)
You throw a large rock. The large rock hits the basilisk!!
The basilisk is almost dead.
The basilisk bites you!
A sphinx skeleton comes into view.
The basilisk misses you. 6의 피해를 받았습니다. 현재 남은 체력은 [72/163] 입니다.
Throw: 5 large rocks
Press: ? - help, Q - select action, (/) - cycle Shift-Dir - straight line, f/p - spriggan berserker zombie
Aim: a spriggan berserker zombie (almost destroyed, 69% to hit)
You throw a large rock. The large rock hits the basilisk!!
You kill the basilisk!
Cheibriados appreciates the change of pace.
The jiangshi claws you!
The jiangshi draws strength from your injuries!
The jiangshi claws you but does no damage.
An ogre mage comes into view.
It is wielding a +0 spear. 11의 피해를 받았습니다. 현재 남은 체력은 [61/163] 입니다.
Throw: 4 large rocks
Press: ? - help, Q - select action, (/) - cycle Shift-Dir - straight line, f - jiangshi
Aim: a jiangshi (summoned, 75% to hit)
You throw a large rock.
The large rock completely misses the jiangshi.
The large rock hits the manticore!
The manticore is lightly wounded.
The jiangshi claws you!
The jiangshi draws strength from your injuries!
The jiangshi closely misses you. The jiangshi claws you!!
* * * LOW HITPOINT WARNING * * *
The jiangshi draws strength from your injuries!
The jiangshi barely misses you. The jiangshi claws you!!
* * * LOW HITPOINT WARNING * * *
The jiangshi draws strength from your injuries!
The jiangshi claws you!!
You die...
Cheibriados appreciates the motionlessness of death.

.++++++++++..#
.......
.............#
.......
.............#
.......
........######
....... ........#
.$..... #######.#
......Z #.#
....ZM.#########.#
....Zn{HV@.......#
.....OC###########
..ß#..Z . #...
.O... ......
....O(C .....).


You could see a jiangshi (summoned), an ogre mage, a manticore, a cyclops, a
necrophage (summoned), a mummy (summoned), a hornet simulacrum (summoned) and a
sphinx skeleton.

Vanquished Creatures
  An ironbound preserver (D:14)
  Nessos (Lair:5)
  Snorg (D:13)
  A rakshasa (D:14)
  Fannar (D:11)
  2 catoblepae
  7 hydras
  3 boulder beetles
  5 centaur warriors
  A death knight (D:13)
  7 two-headed ogres
  2 tengu warriors (D:14)
  3 death yaks (Lair:5)
  8 skeletal warriors
  An obsidian statue (D:14)
  A large abomination (D:14)
  A necromancer (D:15)
  A harpy (shapeshifter) (D:15)
  A phantasmal warrior (D:13)
  2 deep elf pyromancers
  2 ugly things
  3 manticores
  Maurice (D:8)
  2 cyclopes
  13 elephants
  A rust devil (D:14)
  7 black mambas
  2 gargoyles (D:12)
  2 torpor snails
  Maggie (D:7)
  10 cane toads
  A rime drake (Lair:5)
  12 komodo dragons
  A freezing wraith (D:13)
  2 ice devils (D:14)
  3 efreet (D:14)
  2 tengu conjurers (D:14)
  6 trolls
  8 polar bears
  A hellwing (D:14)
  5 hornets
  17 blink frogs
  2 dream sheep
  A snapping turtle (Lair:2)
  5 slime creatures (D:13)
  A shadow (D:13)
  45 yaks
  16 spriggans
  A water elemental (Lair:2)
  3 wraiths
  2 wyverns
  A neqoxec (D:14)
  5 basilisks
  4 vampire mosquitoes (D:12)
  A steam dragon (D:6)
  Menkaure (D:6)
  24 water moccasins
  An ice beast (D:5)
  12 orc warriors
  4 black bears
  12 centaurs
  8 boggarts (Lair:5)
  An ogre (D:4)
  35 wolves
  3 phantoms
  15 bullfrogs
  3 kobold brigands
  A weeping skull (D:11)
  2 scorpions
  8 wights
  3 killer bees (D:8)
  10 howler monkeys
  5 electric eels
  2 bombardier beetles
  9 hounds
  3 orc priests
  3 gnoll boudas
  3 jellies
  2 iron imps (D:14)
  Ijyb (D:5)
  4 iguanas
  2 sleepcaps
  12 orc wizards
  15 gnolls
  15 adders
  2 river rats (Sewer)
  2 shadow imps
  4 white imps
  An ufetubus (D:14)
  A dart slug (D:5)
  3 ribbon worms
  34 orcs
  14 bats
  11 endoplasms
  6 giant cockroaches
  10 goblins
  9 hobgoblins
  6 jackals
  9 quokkas
  8 ball pythons
  9 frilled lizards
  31 kobolds
  6 rats
  A spectral orc (D:11)
625 creatures vanquished.

Vanquished Creatures (collateral kills)
  A steam dragon (D:7)
  A scorpion (D:7)
  An orc (D:7)
3 creatures vanquished.

Vanquished Creatures (others)
  A vampire (D:9)
  A yak (D:8)
  An ufetubus (D:14)
3 creatures vanquished.

Grand Total: 631 creatures vanquished

Notes
Turn   | Place    | Note
-------+----------+-------------------------------------------
     0 | D:1      | diche the Oni Gladiator began the quest for the Orb.
     0 | D:1      | Reached XP level 1. HP: 22/22 MP: 1/1
   129 | D:1      | Reached XP level 2. HP: 29/29 MP: 2/2
   425 | D:1      | Reached skill level 4 in Maces & Flails
   507 | D:1      | Reached XP level 3. HP: 36/36 MP: 3/3
  1036 | D:2      | Reached XP level 4. HP: 44/44 MP: 4/4
  1679 | D:3      | Found a faded altar of an unknown god.
  1746 | D:3      | Reached skill level 5 in Maces & Flails
  2430 | D:4      | Reached XP level 5. HP: 39/50 MP: 5/5
  2491 | D:4      | Noticed an ogre
  2495 | D:4      | Killed an ogre
  2496 | D:4      | Reached skill level 6 in Maces & Flails
  2496 | D:4      | Reached XP level 6. HP: 59/59 MP: 6/6
  2528 | D:4      | Identified the ring of Incredulity {*Corrode rPois EV+5
                  | Slay+2}
  2645 | D:4      | Reached skill level 7 in Maces & Flails
  3262 | D:5      | Entered Level 5 of the Dungeon
  3271 | D:5      | HP: 1/59 [white imp/puff of frost (5)]
  3492 | D:5      | Reached XP level 7. HP: 18/66 MP: 7/7
  3532 | D:5      | Reached skill level 8 in Maces & Flails
  3769 | D:5      | Found a glowing drain.
  3788 | Sewer    | Entered a sewer
  4000 | Sewer    | Reached skill level 9 in Maces & Flails
  4646 | D:5      | Reached XP level 8. HP: 74/74 MP: 8/8
  5098 | D:5      | Noticed Ijyb
  5104 | D:5      | Killed Ijyb
  5392 | D:5      | Reached skill level 10 in Maces & Flails
  5917 | D:6      | Reached skill level 11 in Maces & Flails
  6113 | D:6      | Noticed Menkaure
  6117 | D:6      | Killed Menkaure
  6118 | D:6      | Reached XP level 9. HP: 80/80 MP: 9/9
  6213 | D:6      | Reached skill level 12 in Maces & Flails
  6231 | D:6      | Found a staircase to the Ecumenical Temple.
  6253 | Temple   | Entered the Ecumenical Temple
  6260 | Temple   | Became a worshipper of Cheibriados the Contemplative
  6802 | D:7      | Noticed Maggie
  6819 | D:7      | Reached skill level 13 in Maces & Flails
  6837 | D:7      | Killed Maggie
  6932 | D:7      | Reached * piety under Cheibriados
  7009 | D:7      | Identified the +2 falchion of the Shining Light {drain,
                  | rC++}
  7267 | D:8      | Reached XP level 10. HP: 85/88 MP: 10/10
  7348 | D:8      | Reached skill level 14 in Maces & Flails
  7426 | D:8      | Noticed Maurice
  7444 | D:8      | Reached ** piety under Cheibriados
  7448 | D:8      | Maurice stole 25 poisoned darts
  7454 | D:8      | Maurice stole 201 gold
  7458 | D:8      | Killed Maurice
  8068 | D:8      | Found a bloodstained altar of Trog.
  8204 | D:9      | Reached skill level 15 in Maces & Flails
  8309 | D:9      | Found a flagged portal.
  8323 | Bailey   | Entered a bailey
  8340 | Bailey   | Reached *** piety under Cheibriados
  8550 | Bailey   | Identified the amulet of Zese {+Blink Regen+ Stlth+}
  8839 | D:9      | Reached skill level 5 in Fighting
  9007 | D:9      | Noticed a two-headed ogre
  9017 | D:9      | Killed a two-headed ogre
  9049 | D:9      | Reached XP level 11. HP: 107/109 MP: 11/11
  9058 | D:9      | Found a staircase to the Orcish Mines.
  9058 | D:9      | Identified the +9 quarterstaff "Umowept" {heavy, rC+ Str+3
                  | Dex+3}
  9486 | D:10     | Entered Level 10 of the Dungeon
  9554 | D:10     | Got the Encyclopedia of the Floating Tesseract
  9621 | D:10     | Noticed a manticore
  9628 | D:10     | Killed a manticore
  9748 | D:10     | Reached skill level 5 in Dodging
  9909 | D:10     | Found a staircase to the Lair.
  9927 | D:10     | Reached **** piety under Cheibriados
 10242 | D:11     | Reached skill level 10 in Fighting
 10274 | D:11     | Noticed a boulder beetle
 10279 | D:11     | Noticed a two-headed ogre
 10284 | D:11     | Killed a two-headed ogre
 10292 | D:11     | Killed a boulder beetle
 11016 | D:11     | Found a basalt altar of Yredelemnul.
 11020 | D:11     | Noticed a two-headed ogre
 11023 | D:11     | Killed a two-headed ogre
 11195 | D:12     | Noticed Fannar
 11197 | D:12     | Noticed a deep elf pyromancer
 11204 | D:11     | Killed Fannar
 11213 | D:11     | Reached ***** piety under Cheibriados
 11380 | D:12     | Reached XP level 12. HP: 137/137 MP: 12/12
 11606 | D:12     | Identified the +3 long sword of Hubuhu {holy, rElec rCorr}
 11798 | D:12     | Noticed a two-headed ogre
 11810 | D:12     | Killed a two-headed ogre
 11811 | D:12     | Reached skill level 16 in Maces & Flails
 12023 | D:12     | Found Dadawurgh's Weapon Boutique.
 12242 | Lair:1   | Entered Level 1 of the Lair of Beasts
 12580 | Lair:1   | Reached skill level 17 in Maces & Flails
 13356 | Lair:2   | Noticed a six-headed hydra
 13361 | Lair:2   | Killed a six-headed hydra
 13362 | Lair:2   | Reached skill level 1 in Invocations
 13426 | Lair:2   | Found a sacrificial altar of Ru.
 13627 | Lair:2   | Noticed an eight-headed hydra
 13632 | Lair:2   | Killed an eight-headed hydra
 13748 | Lair:2   | Reached XP level 13. HP: 146/146 MP: 14/16
 13780 | Lair:2   | Reached ****** piety under Cheibriados
 13941 | Lair:2   | Found a staircase to the Shoals.
 14159 | Lair:3   | Reached skill level 5 in Invocations
 14192 | Lair:3   | Reached skill level 5 in Throwing
 14377 | Lair:3   | Found a staircase to the Snake Pit.
 15826 | Lair:5   | Entered Level 5 of the Lair of Beasts
 15923 | Lair:5   | Reached XP level 14. HP: 128/156 MP: 15/20
 15948 | Lair:5   | Reached skill level 18 in Maces & Flails
 15983 | Lair:5   | Found a staircase to the Slime Pits.
 16333 | Lair:5   | Reached skill level 19 in Maces & Flails
 16905 | Lair:5   | Noticed Nessos
 16908 | Lair:5   | Killed Nessos
 16911 | Lair:5   | Reached skill level 20 in Maces & Flails
 17535 | D:13     | Reached XP level 15. HP: 163/163 MP: 21/21
 18021 | D:13     | Noticed Snorg
 18023 | D:13     | Killed Snorg
 18168 | D:13     | Identified the +7 sling "Goalulli" {antimagic, rF+ rC+
                  | Int+3}
 18730 | D:14     | Reached skill level 21 in Maces & Flails
 19094 | D:14     | Found a gate to the Vaults.
 19747 | D:14     | Identified a scroll of acquirement
 19748 | D:14     | Acquired 736 gold pieces
 19753 | D:15     | Entered Level 15 of the Dungeon
 20016 | D:15     | Found a huge runed translucent gate.
 20016 | D:15     | Found a huge runed translucent gate.
 20017 | D:15     | Found a huge runed translucent gate.
 20017 | D:15     | Found a huge runed translucent gate.
 20017 | D:15     | Found a huge runed translucent gate.
 20018 | D:15     | Found a huge runed translucent gate.
 20019 | D:15     | Found a huge runed translucent gate.
 20034 | D:15     | Found a huge runed translucent gate.
 20034 | D:15     | Found a huge runed translucent gate.
 20034 | D:15     | Found a huge runed translucent gate.
 20034 | D:15     | Found a huge runed translucent gate.
 20035 | D:15     | Found a huge runed translucent gate.
 20036 | D:15     | Found a huge runed translucent gate.
 20036 | D:15     | Found a huge runed translucent gate.
 20037 | D:15     | Found a huge runed translucent gate.
 20039 | D:15     | Found a huge runed translucent gate.
 20040 | D:15     | Found a huge runed translucent gate.
 20041 | D:15     | Found a huge runed translucent gate.
 20042 | D:15     | Found a huge runed translucent gate.
 20043 | D:15     | Found a huge runed translucent gate.
 20044 | D:15     | Found a huge runed translucent gate.
 20044 | D:15     | Found a huge runed translucent gate.
 20049 | D:15     | Found a huge runed translucent gate.
 20050 | D:15     | Found a huge runed translucent gate.
 20050 | D:15     | Found a huge runed translucent gate.
 20050 | D:15     | Found a huge runed translucent gate.
 20050 | D:15     | Found a huge runed translucent gate.
 20052 | D:15     | Found a huge runed translucent gate.
 20053 | D:15     | Found a huge runed translucent gate.
 20054 | D:15     | Found a huge runed translucent gate.
 20054 | D:15     | Found a huge runed translucent gate.
 20058 | D:15     | Found a huge runed translucent gate.
 20091 | D:15     | HP: 8/163 [jiangshi[a vampire mage] (21)]
 20091 | D:15     | Mangled by a jiangshi

Illustrated notes

Levels and vault maps discovered:
D:1:      ebering_trefoil_3fold, layout_loops_ring, columned_hall_lemuel
D:2:      layout_basic, dreamdust_mushroom_princess, grunt_decor_arrowhead,
          minmay_ruptured
D:3:      layout_basic, dilly_ecumenical_altar_fadedgnrine
D:4:      layout_gridville, minmay_misc_feat_tiny, minivault_19
D:5:      minmay_evil_eye, layout_basic, gup_sewer_entry_pipe,
          kennysheep_generic_room_10, uniq_ijyb
D:6:      layout_basic, minmay_temple_entry_drinking_statues, uniq_menkaure
D:7:      layout_rooms, st_stairs_14, uniq_maggie
D:8:      layout_loops_ring, kennysheep_little_box,
          nicolae_houndstooth_variations, uniq_maurice
D:9:      layout_loops_ring, david_orc_3, enter_bailey_7
D:10:     layout_basic, erik_lair_island, serial_corexii_hall,
          chequers_hall_statues_wall_a, corexii_hall_statues_deadend
D:11:     layout_loops_corners, yredelemnul_forgotten_temple_becter
D:12:     layout_roguey, serial_shops, nicolae_shop_trees, serial_bayou_pond_a,
          minmay_more_statues, uniq_fannar
D:13:     layout_basic, kennysheep_minor_cross, grunt_ministairs_2, uniq_snorg
D:14:     layout_grid_maze, skrybe_vaults_entry_preservation,
          nicolae_hexahallways, nrook_campfire,
          serial_library_regret_index_small_wings, hangedman_devilish_allure
D:15:     gammafunk_depths_entry_grave, layout_long_grid, grunt_decor_clamped,
          door_vault
Temple:   compressed_dpeg_triangle_lava_temple
Lair:1:   layout_cellular_growth
Lair:2:   layout_loops_ring, minmay_shoals_entry_hut, basic_altar
Lair:3:   layout_roguey, minmay_snake_entry_six_corridors
Lair:4:   minmay_lair_oklob_chamber, layout_regular_city,
          grunt_forest_large_clearing_hut
Lair:5:   minmay_lair_end_enchanted_forest, layout_concentric_octagons,
          slime_entry_1, kilobyte_rumbling_trees, grunt_megastairs_4,
          uniq_nessos

Skill      XL: |  1  2  3  4  5  6  7  8  9 10 11 12 13 14 15 |
---------------+----------------------------------------------+-----
Maces & Flails | 4 5 6 7 9 11 13 15 17 20 21 | 21.9
Fighting       | 7 13 14 | 14.0
Dodging        | 4 5 |  5.0
Invocations    | 4 9 |  9.0
Throwing       | 4 8 9 |  9.0

Action                     |  1- 3 |  4- 6 |  7- 9 | 10-12 | 13-15 || total
---------------------------+-------+-------+-------+-------+-------++-------
  Melee: Flail             |    30 |       |       |       |       ||    30
         Headbutt          |    11 |    16 |    62 |   103 |    98 ||   290
         Whip              |    77 |   154 |   386 |   115 |       ||   732
         Dire flail        |       |       |       |   135 |       ||   135
         Quarterstaff      |       |       |       |   217 |   334 ||   551
         Giant spiked club |       |       |       |       |    94 ||    94
  Throw: Dart              |       |     3 |     3 |     5 |       ||    11
         Large rock        |       |     1 |     4 |     9 |    73 ||    87
         Throwing net      |       |       |     2 |     2 |     1 ||     5
         Boomerang         |       |       |       |     2 |       ||     2
 Invoke: Slouch            |       |       |       |       |     6 ||     6
         Step From Time    |       |       |       |       |     1 ||     1
         Temporal Distorti |       |       |       |       |     6 ||     6
  Evoke: Wand              |       |       |     3 |    17 |     2 ||    22
    Use: Scroll            |       |     4 |     8 |     4 |    16 ||    32
         Potion            |       |       |     1 |     1 |     3 ||     5
   Stab: Sleeping          |       |       |     2 |     8 |     3 ||    13
         Held in net/web   |       |       |     1 |       |       ||     1
         Distracted        |       |       |       |     2 |     3 ||     5
         Invisible         |       |       |       |     1 |       ||     1
         Petrified         |       |       |       |       |     1 ||     1
 Armour: Robe              |    60 |    86 |   122 |       |       ||   268
         Steam dragon scal |       |       |    23 |       |       ||    23
         Acid dragon scale |       |       |    17 |   265 |       ||   282
         Troll leather arm |       |       |       |    25 |   424 ||   449
  Dodge: Dodged            |    53 |    66 |   197 |   370 |   569 ||  1255

Table legend: (Time is in decaauts)
 A = Elapsed time spent in this place.
 B = Non-inter-level travel time spent in this place.
 C = Inter-level travel time spent in this place.
 D = Time resting spent in this place.
 E = Time spent auto-exploring this place.
 F = Levels seen in this place.
 G = Mean time per level.
                   A        B        C        D        E       F      G
               +--------+--------+--------+--------+--------+-----+--------+
         Total |  28607 |  27398 |   1209 |    208 |  23077 |  23 | 1243.8 |
       Dungeon |  17884 |  17057 |    827 |    208 |  14366 |  15 | 1192.3 |
        Temple |     16 |      3 |     13 |      0 |      0 |   1 |   16.0 |
          Lair |   9311 |   8943 |    368 |      0 |   7677 |   5 | 1862.2 |
         Sewer |    802 |    802 |      0 |      0 |    627 |   1 |  802.0 |
        Bailey |    593 |    593 |      0 |      0 |    406 |   1 |  593.0 |
               +--------+--------+--------+--------+--------+-----+--------+

Top non-repeatable levels by time:
  Lair:5: 2381 daAuts
    D:14: 2081 daAuts
  Lair:1: 2046 daAuts
    D:13: 1903 daAuts
    D:11: 1816 daAuts
  Lair:4: 1776 daAuts
  Lair:3: 1623 daAuts
    D:12: 1568 daAuts
     D:5: 1539 daAuts
  Lair:2: 1483 daAuts
     D:8: 1346 daAuts
    D:10: 1203 daAuts
     D:4: 1129 daAuts
     D:9: 1112 daAuts
   Sewer: 802 daAuts
